 Dungeon Crawl Stone Soup version 0.22.1-2-g9c5b331383 (webtiles) character file.

305 Adamkad1 the Ducker (level 6, 0/24 HPs)
             Began as a Felid Air Elementalist on Dec 14, 2018.
             Killed by their own static electricity (2 damage)
             ... on level 5 of the Dungeon.
             The game lasted 00:21:16 (5994 turns).

Adamkad1 the Ducker (Felid Air Elementalist)        Turns: 5994, Time: 00:21:16

Health: 0/24       AC:  2    Str:  4    XL:     6   Next: 16%
Magic:  2/12       EV: 20    Int: 18    God:
Gold:   279        SH:  0    Dex: 17    Spells: 2/12 levels left
                                        Lives:  0   Deaths: 1

rFire    + . .     SeeInvis +   (weapon unavailable)
rCold    x . .     Gourm    .   (shield unavailable)
rNeg     . . .     Faith    .   (armour unavailable)
rPois    .         Spirit   .   (helmet unavailable)
rElec    .         Reflect  .   (cloak unavailable)
rCorr    .         Harm     .   (gloves unavailable)
MR       .....                  (boots unavailable)
Stlth    +++.......             f - amulet of the acrobat
HPRegen  0.08/turn              a - ring of fire
MPRegen  0.13/turn              (no ring)

@: very slightly contaminated, quick
A: very small, no armour, no weapons or thrown items, stealth, claws 1, fangs 3,
see invisible, carnivore, speed 1, shaggy fur 2, slow metabolism 1, sharp paws
a: no special abilities


You were on level 5 of the Dungeon.
You were very full.

You visited 1 branch of the dungeon, and saw 5 of its levels.

You collected 279 gold pieces.

Inventory:

Jewellery
 a - a ring of fire (left paw)
 d - an uncursed ring of positive energy {unknown}
 f - an amulet of the acrobat (around neck)
 h - a +1 ring of protection {unknown}
Scrolls
 c - 5 scrolls of teleportation
 e - 4 scrolls of identify
Comestibles
 b - 11 rations


   Skills:
 * Level 5.0 Dodging
 + Level 4.0 Stealth
 * Level 3.5 Spellcasting
 * Level 2.9 Conjurations
 * Level 4.0 Air Magic


You had 2 spell levels left.
You knew the following spells:

 Your Spells              Type           Power        Failure   Level  Hunger
a - Shock                 Conj/Air       ###.         3%          1    None
b - Swiftness             Chrm/Air       ##......     11%         2    ##.....
c - Static Discharge      Conj/Air       ###.....     11%         3    ###....
d - Airstrike             Air            ###.......   30%         4    ####...

Your spell library contained the following spells:

 Spells                   Type           Power        Failure   Level  Hunger
 Lightning Bolt           Conj/Air       ###.......   71%         5    ######.


Dungeon Overview and Level Annotations

Branches:
Dungeon (5/15)
 Temple: D:4-7

Altars:
Dithmenos
Elyvilon
Fedhas
Trog
Vehumet
Zin

Annotations:
D:5 Menkaure


Innate Abilities, Weirdness & Mutations

You cannot wear armour.
You are incapable of wielding weapons or throwing items.
Your paws allow you to move quietly. (Stealth)
You have sharp claws.
You have razor-sharp teeth.
You have supernaturally acute eyesight. (SInv)
You are carnivorous and can eat meat at any time.
You cover ground quickly.
You are covered in thick fur. (AC +2)
You have a slow metabolism.
Your sharp claws are effective at attacking unaware monsters.


Message History

Confirm with . or Enter, or press ? or * to list all spells.
You miscast Static Discharge.
You are very lightly contaminated with residual magic.
Your hair stands on end.
Menkaure calls on the powers of darkness!
Your body is wracked with pain!
Casting: Static Discharge (safe; 11% risk of failure)
Confirm with . or Enter, or press ? or * to list all spells.
Menkaure is struck by lightning.
Menkaure is moderately damaged.
The lightning arcs!
You are struck by lightning.
The lightning grounds out.
Menkaure casts a spell at you. Pain shoots through your body!
* * * LOW HITPOINT WARNING * * *
Casting: Static Discharge (safe; 11% risk of failure)
Confirm with . or Enter, or press ? or * to list all spells.
Menkaure is struck by lightning.
Menkaure is heavily damaged.
The lightning arcs!
You are struck by lightning.
You die...

........#
........# ......#
#+# #...# ##
##..##..<###..###
...........(.....
.................
...###.M######..#
#####@.######. #
#............
#...รท........
#............
#............
#............
##.##.....##. ##
#######


You could see Menkaure.

Vanquished Creatures
  An ogre (D:3)
  A hound (D:4)
  An orc wizard (D:3)
  An iguana (D:4)
  A worker ant (D:4)
  10 gnolls
  4 adders
  3 oozes (D:1)
  A dart slug (D:2)
  A leopard gecko (D:3)
  5 orcs
  5 giant cockroaches
  6 goblins
  5 hobgoblins
  6 jackals
  5 kobolds
  2 quokkas
  A ball python (D:2)
  5 bats
  3 frilled lizards
  12 rats
79 creatures vanquished.

Notes
Turn   | Place    | Note
-------+----------+-------------------------------------------
     0 | D:1      | Adamkad1 the Felid Air Elementalist began the quest for the
                  | Orb.
     0 | D:1      | Reached XP level 1. HP: 7/7 MP: 4/4
     1 | D:1      | Found a runed door.
   145 | D:1      | Reached skill level 1 in Conjurations
   266 | D:1      | Reached XP level 2. HP: 11/11 MP: 3/6
   396 | D:1      | Reached skill level 3 in Dodging
  1384 | D:1      | Reached XP level 3. HP: 14/14 MP: 2/7
  2545 | D:3      | Learned a level 2 spell: Swiftness
  2549 | D:3      | Learned a level 3 spell: Static Discharge
  2753 | D:2      | Reached XP level 4. HP: 18/18 MP: 0/8
  3539 | D:3      | Found a shadowy altar of Dithmenos.
  3583 | D:3      | Found a glowing silver altar of Zin.
  3583 | D:3      | Noticed an angel
  3676 | D:3      | Noticed an ogre
  3716 | D:3      | Killed an ogre
  3716 | D:3      | Reached skill level 4 in Dodging
  3716 | D:3      | Reached XP level 5. HP: 21/21 MP: 0/10
  3908 | D:3      | Found a white marble altar of Elyvilon.
  4084 | D:3      | HP: 1/21 [adder (1)]
  4085 | D:3      | Succumbed to an adder's poison
  4086 | D:3      | Reached XP level 4. HP: 0/18 MP: 2/9
  4097 | D:3      | Found a radiant altar of Vehumet.
  4277 | D:4      | Reached XP level 5. HP: 10/21 MP: 1/10
  4488 | D:4      | Found a blossoming altar of Fedhas.
  4944 | D:4      | Learned a level 4 spell: Airstrike
  5209 | D:4      | Gained mutation: You are covered in thick fur. (AC +2)
                  | [Felid growth]
  5209 | D:4      | Reached XP level 6. HP: 24/24 MP: 7/12
  5219 | D:4      | Reached skill level 5 in Dodging
  5536 | D:4      | Found a bloodstained altar of Trog.
  5565 | D:5      | Entered Level 5 of the Dungeon
  5575 | D:5      | Noticed Menkaure
  5994 | D:5      | Killed from afar by themself

Skill      XL: |  1  2  3  4  5  6 |
---------------+-------------------+-----
Conjurations   | 1 2 |  2.9
Dodging        | 3 4 5 |  5.0
Air Magic      | 3 4 |  4.0
Stealth        | 3 4 |  4.0
Spellcasting   | 3 |  3.5

Action                   |  1- 3 |  4- 6 || total
-------------------------+-------+-------++-------
Melee: Unarmed           |    50 |    10 ||    60
       Bite              |     1 |     1 ||     2
 Cast: Shock             |    83 |   150 ||   233
       Swiftness         |       |     2 ||     2
       Static Discharge  |       |     2 ||     2
  Use: Scroll            |     2 |     2 ||     4
       Potion            |     1 |     4 ||     5
 Stab: Sleeping          |     4 |     1 ||     5
  Eat: Chunk             |    11 |    11 ||    22
Armor: Skin              |     3 |     2 ||     5
Dodge: Dodged            |    68 |    58 ||   126
